 Dungeon Crawl Stone Soup version 0.26.0-16-gc1dbca0489 (webtiles) character file.

Game seed: 17772969899153444997

119 lastplaneout the Skirmisher (level 5, -6/47 HPs)
             Began as a Gnoll Wanderer on Jan 19, 2021.
             Mangled by Grinder (7 damage)
             ... on level 3 of the Dungeon.
             The game lasted 00:05:24 (1919 turns).

lastplaneout the Skirmisher (Gnoll Wanderer)        Turns: 1919, Time: 00:05:25

Health: -6/47      AC:  9    Str: 11 (13) XL:     5   Next: 3%
Magic:  6/6        EV:  9    Int: 13 (16) God:
Gold:   172        SH:  5    Dex: 14 (15) Spells: 6/6 levels left

rFire    . . .     SeeInvis .   j - +2 spear (venom)
rCold    . . .     Faith    .   (no shield)
rNeg     . . .     Spirit   .   b - +2 scale mail
rPois    .         Reflect  +   (no helmet)
rElec    .         Harm     .   (no cloak)
rCorr    .         Rampage  .   (no gloves)
Will     .....                  (no boots)
Stlth    ..........             f - amulet of reflection
HPRegen  0.15/turn              (no ring)
MPRegen  0.10/turn              (no ring)

@: flying
A: distributed training, fangs 1, strong nose
a: no special abilities


You were on level 3 of the Dungeon.
You visited 1 branch of the dungeon, and saw 3 of its levels.

You collected 172 gold pieces.

Inventory:

Hand Weapons
 a - a +0 shortbow
 j - a +2 spear of venom (weapon)
Missiles
 c - 48 arrows
 k - 20 poisoned darts (quivered)
Armour
 b - a +2 scale mail (worn)
Jewellery
 f - an amulet of reflection (around neck)
Wands
 r - a wand of paralysis (12)
Scrolls
 e - a scroll of amnesia {unknown}
 g - a scroll of immolation {unknown}
 h - 2 scrolls of fear {unknown}
 i - 2 scrolls of fog {unknown}
 l - 3 scrolls of teleportation {unknown}
 m - a scroll of noise {unknown}
 n - 2 scrolls of remove curse {unknown}
 o - 3 scrolls of identify {unknown}
Potions
 s - a potion of resistance
 t - a potion of heal wounds {unknown}


   Skills:
 + Level 6.6 Fighting
 + Level 1.3 Short Blades
 + Level 1.3 Long Blades
 + Level 1.3 Axes
 + Level 1.3 Maces & Flails
 + Level 4.7 Polearms
 + Level 1.3 Staves
 + Level 1.3 Slings
 + Level 1.3 Bows
 + Level 2.8 Crossbows
 + Level 1.3 Throwing
 + Level 4.7 Armour
 + Level 1.3 Dodging
 + Level 1.3 Stealth
 + Level 2.8 Shields
 + Level 1.3 Unarmed Combat
 + Level 1.3 Spellcasting
 + Level 1.0 Conjurations
 + Level 1.0 Hexes
 + Level 1.0 Summonings
 + Level 1.0 Necromancy
 + Level 1.0 Translocations
 + Level 1.0 Transmutations
 + Level 1.0 Fire Magic
 + Level 1.0 Ice Magic
 + Level 1.0 Air Magic
 + Level 1.0 Earth Magic
 + Level 1.0 Poison Magic
 + Level 1.4 Invocations
 + Level 2.8 Evocations


You had 6 spell levels left.
You didn't know any spells.
Your spell library was empty.

Dungeon Overview and Level Annotations

Branches:
Dungeon (3/15)

Altars:
Gozag
Trog

Annotations:
D:3 Grinder


Innate Abilities, Weirdness & Mutations

Your experience applies equally to all skills.
You have very sharp teeth.
Your uncanny sense of smell can sniff out nearby items.


Message History

Grinder hits you but does no damage.
You hit Grinder.
Grinder is moderately wounded.
You feel less wooden.
Your +2 scale mail unmelds from your body.
You hit Grinder.
Grinder looks as sick as possible!
Grinder is moderately wounded.
Grinder hits you.
* * * LOW HITPOINT WARNING * * *
You writhe in agony.
* * * LOW HITPOINT WARNING * * *
Unknown command.
It was a potion of flight.
You feel very buoyant.
You fly up into the air.
You block Grinder's attack.
It was a potion of degeneration.
There was something very wrong with that liquid.
You feel weakened.
You feel dopey.
You feel clumsy. Grinder hits you!
You die...

##........# ......
#.........# ######......
...#.....#####....# .....
#..............# #...
#..............# #...
####........#####.#...
#...#'##...........(..
#####...#)##.#######.####.
........#@##.###...#.####.
..........5........+......
####...#.##.###...#.####.
#...#..### ## ## ##...####
##### #...## ###....
##...# ##...... ##...##
#......# ##...## ##...####


You could see Grinder (extremely poisoned).

Vanquished Creatures
  Ijyb (D:3)
  4 adders
  2 worms (D:2)
  2 leopard geckos (D:1)
  5 giant cockroaches
  6 goblins
  7 hobgoblins
  8 bats
  A frilled lizard (D:1)
  6 kobolds
  7 rats
49 creatures vanquished.

Notes
Turn   | Place    | Note
-------+----------+-------------------------------------------
     0 | D:1      | lastplaneout the Gnoll Wanderer began the quest for the
                  | Orb.
     0 | D:1      | lastplaneout set off with the following items: a +0
                  | shortbow, a +2 scale mail, 24 arrows, a potion of
                  | lignification
     0 | D:1      | Reached XP level 1. HP: 23/23 MP: 1/1
   156 | D:1      | Reached XP level 2. HP: 29/29 MP: 2/2
   820 | D:2      | Reached XP level 3. HP: 35/35 MP: 3/3
   844 | D:2      | Found a bloodstained altar of Trog.
   976 | D:2      | Found an opulent altar of Gozag.
  1157 | D:2      | Reached skill level 1 in Invocations
  1173 | D:2      | Reached skill level 1 in Short Blades
  1173 | D:2      | Reached skill level 1 in Long Blades
  1173 | D:2      | Reached skill level 1 in Axes
  1173 | D:2      | Reached skill level 1 in Maces & Flails
  1173 | D:2      | Reached skill level 1 in Staves
  1173 | D:2      | Reached skill level 1 in Slings
  1173 | D:2      | Reached skill level 1 in Bows
  1173 | D:2      | Reached skill level 1 in Throwing
  1173 | D:2      | Reached skill level 1 in Dodging
  1173 | D:2      | Reached skill level 1 in Stealth
  1173 | D:2      | Reached skill level 1 in Unarmed Combat
  1173 | D:2      | Reached skill level 1 in Spellcasting
  1223 | D:2      | Reached XP level 4. HP: 16/41 MP: 5/5
  1858 | D:3      | Noticed Ijyb
  1860 | D:3      | Noticed Grinder
  1887 | D:3      | Reached skill level 1 in Conjurations
  1887 | D:3      | Reached skill level 1 in Hexes
  1887 | D:3      | Reached skill level 1 in Summonings
  1887 | D:3      | Reached skill level 1 in Necromancy
  1887 | D:3      | Reached skill level 1 in Translocations
  1887 | D:3      | Reached skill level 1 in Transmutations
  1887 | D:3      | Reached skill level 1 in Fire Magic
  1887 | D:3      | Reached skill level 1 in Ice Magic
  1887 | D:3      | Reached skill level 1 in Air Magic
  1887 | D:3      | Reached skill level 1 in Earth Magic
  1887 | D:3      | Reached skill level 1 in Poison Magic
  1895 | D:3      | Killed Ijyb
  1896 | D:3      | Reached XP level 5. HP: 24/47 MP: 6/6
  1899 | D:3      | Paralysed by Grinder for 5 turns
  1917 | D:3      | HP: 1/47 [Grinder (6)]
  1919 | D:3      | Mangled by Grinder

Illustrated notes

Levels and vault maps discovered:
D:1:      sevenhm_arrival_forest_fort_small_4, layout_loops_ring
D:2:      layout_basic, nicolae_overflow_hidden_temple, bloody_trog,
          minmay_pentomino_z2
D:3:      layout_basic, serial_curves, eino_curves_03, eino_curves_01,
          eino_curves_02, eino_curves_04, uniq_grinder, uniq_ijyb,
          uniq_crazy_yiuf_cottage

Skill      XL: |  1  2  3  4 |
---------------+-------------+-----
Invocations    | 1 |  1.4
Short Blades   | 1 |  1.3
Long Blades    | 1 |  1.3
Axes           | 1 |  1.3
Maces & Flails | 1 |  1.3
Staves         | 1 |  1.3
Slings         | 1 |  1.3
Bows           | 1 |  1.3
Throwing       | 1 |  1.3
Dodging        | 1 |  1.3
Stealth        | 1 |  1.3
Unarmed Combat | 1 |  1.3
Spellcasting   | 1 |  1.3
Conjurations   | 1 |  1.0
Hexes          | 1 |  1.0
Summonings     | 1 |  1.0
Necromancy     | 1 |  1.0
Translocations | 1 |  1.0
Transmutations | 1 |  1.0
Fire Magic     | 1 |  1.0
Ice Magic      | 1 |  1.0
Air Magic      | 1 |  1.0
Earth Magic    | 1 |  1.0
Poison Magic   | 1 |  1.0
Fighting       | |  6.6
Polearms       | |  4.7
Crossbows      | |  2.8
Armour         | |  4.7
Shields        | |  2.8
Evocations     | |  2.8

Action                   |  1- 3 |  4- 6 || total
-------------------------+-------+-------++-------
Melee: Short sword       |   161 |       ||   161
       Bite              |    15 |     2 ||    17
       Spear             |       |    58 ||    58
  Use: Potion            |     2 |     3 ||     5
Armor: Scale mail        |    87 |    13 ||   100
       Skin              |       |     3 ||     3
Dodge: Dodged            |    68 |    14 ||    82
Block: Other             |    50 |    10 ||    60
       Reflection        |     2 |       ||     2
